 Dungeon Crawl Stone Soup version 0.24.0-35-gdb84b6a5db (webtiles) character file.

Game seed: 268489278736395617, levelgen mode: deterministic

422 Esekla the Magician (level 6, -10/38 HPs)
             Began as a Demonspawn Wanderer on Nov 17, 2019.
             Mangled by an ogre
             ... wielding a +0 giant spiked club
              (28 damage)
             ... on level 4 of the Dungeon.
             The game lasted 00:39:26 (5363 turns).

Esekla the Magician (Demonspawn Wanderer)           Turns: 5363, Time: 00:39:27

Health: -10/38     AC:  9    Str: 13    XL:     6   Next: 63%
Magic:  21/22      EV: 12    Int: 12    God:
Gold:   143        SH:  0    Dex: 15    Spells: 11/15 levels left

rFire    + + .     SeeInvis .   v - +2 dagger (venom)
rCold    . . .     Gourm    .   (no shield)
rNeg     . . .     Faith    .   d - +0 robe
rPois    .         Spirit   .   (no helmet)
rElec    .         Reflect  .   (no cloak)
rCorr    .         Harm     .   r - +0 pair of gloves
MR       .....                  (no boots)
Stlth    ++........             (no amulet)
HPRegen  0.12/turn              h - ring of protection from fire
MPRegen  0.18/turn              n - ring of magical power

@: sanguine armour, lightly drained
A: talons 2, fire resistance 1, frail 1, spiny 1, wild magic 1, sanguine armour
1
a: no special abilities


You were on level 4 of the Dungeon.
You were hungry.

You visited 1 branch of the dungeon, and saw 4 of its levels.

You collected 231 gold pieces.
You spent 88 gold pieces at shops.

Inventory:

Hand Weapons
 a - a +0 dagger
 o - a +0 short sword
 s - the +6 mace of Icufiv {speed, *Noise rN+ Dex+4}
   (You found it on level 4 of the Dungeon)

   Attacks with this weapon are significantly faster.
   It affects your dexterity (+4).
   It protects you from negative energy.
   It may make noises in combat.
 v - a +2 dagger of venom (weapon)
 x - a +1 hand axe of flaming
Armour
 d - a +0 robe (worn)
 p - a +0 leather armour
 r - a +0 pair of gloves (worn)
Jewellery
 h - a ring of protection from fire (left hand)
 n - a ring of magical power (right hand)
 t - a cursed -5 ring of intelligence {unknown}
Scrolls
 b - a scroll of noise {unknown}
 c - 2 scrolls of teleportation {unknown}
 e - a scroll of enchant weapon {unknown}
 g - 4 scrolls of amnesia {unknown}
 j - a scroll of fog {unknown}
 k - 5 scrolls of identify
 l - 2 scrolls of enchant armour {unknown}
 m - 2 scrolls of fear {unknown}
 u - 3 scrolls of immolation {unknown}
 w - 3 scrolls of magic mapping {unknown}
Potions
 i - a potion of lignification
Comestibles
 f - 3 rations


   Skills:
 + Level 1.6(1.4) Fighting
 + Level 1.8(2.0) Short Blades
   Level 1.7(2.0) Long Blades
 - Level 1.0(0.8) Throwing
 + Level 0.7(0.6) Armour
 + Level 1.4(1.3) Dodging
 + Level 1.5(1.3) Stealth
 + Level 5.0(4.9) Spellcasting
 * Level 2.3(2.2) Charms
 * Level 3.0(2.8) Translocations
   Level 1.0(0.8) Evocations


You had 11 spell levels left.
You knew the following spells:

 Your Spells              Type           Power        Failure   Level  Hunger
a - Shroud of Golubria    Chrm/Tloc      ##....       16%         2    ##.....
b - Blink                 Tloc           N/A          14%         2    ##.....

Your spell library contained the following spells:

 Spells                   Type           Power        Failure   Level  Hunger
 Gell's Gravitas          Tloc           ##........   26%         3    ###....
 Lesser Beckoning         Tloc           ##........   26%         3    ###....
 Teleport Other           Tloc           ##......     26%         3    ###....
 Ensorcelled Hibernation  Hex/Ice        #.....       38%         2    ##.....
 Throw Frost              Conj/Ice       #.....       38%         2    ##.....
 Passage of Golubria      Tloc           N/A          61%         4    ####...


Dungeon Overview and Level Annotations

Branches:
Dungeon (4/15)
 Temple: D:4-7

Altars:
Ashenzari
Fedhas
Okawaru
Ru
Uskayaw
Zin

Shops:
D:4 !

Annotations:
D:4 1 transporter, Raspi's ghost, amateur GrAr


Innate Abilities, Weirdness & Mutations

You have razor-sharp toenails.
You are partially covered in sharp spines.
When seriously injured, your bleeding wounds create armour. (AC +6)
Your flesh is heat resistant. (rF+)
You are frail. (-10% HP)
Your spells are a little harder to cast, but a little more powerful.


Message History

The ogre closely misses you. The ogre is struck by your spines.
The ogre closely misses you.
There is a stone staircase leading up here.
You hit the ogre. You claw the ogre, but do no damage.
The ogre is lightly wounded.
You closely miss the ogre.
The ogre is lightly wounded.
The ogre is struck by your spines.
The ogre hits you with a +0 giant spiked club!!
Ouch! That really hurt!
Your blood congeals into armour.
You hit the ogre but do no damage.
The ogre is poisoned.
Your kick misses the ogre.
The ogre is heavily wounded.
You hit the ogre but do no damage.
The ogre looks as sick as possible!
You claw the ogre.
The ogre is severely wounded.
The ogre hits you with a +0 giant spiked club!!
Ouch! That really hurt!
You die...

#.........#........###..#
#.#######.#...####.# #..# #
#######.# #.#<.## #..# #.....
.>...##.# #.#...###.## ##.##.
####.##.# #....).##.## #.##.
#.##.# ##....(.....# #.##.
#.##.# #.........#.####.#..
#.##.# ##...................
#.##.#####...@.............#..
#...........O........########.
##########...##.####.## #.
##.#######...#######. #.#
#...............
#.###.###...######## #>....#
##.## ####### #.# #.#########


You could see an ogre.

Vanquished Creatures
  An ogre (D:4)
  2 scorpions (D:4)
  An orc priest (D:4)
  Terence (D:1)
  2 orc wizards (D:4)
  A worker ant (D:4)
  A hound skeleton (D:4)
  3 adders
  2 oozes (D:3)
  A worm (D:2)
  3 dart slugs (D:2)
  A leopard gecko (D:3)
  4 orcs (D:4)
  A ball python (D:1)
  5 bats
  4 goblins
  4 hobgoblins
  3 jackals (D:1)
  7 kobolds
  4 quokkas
  3 frilled lizards
  5 rats
59 creatures vanquished.

Notes
Turn   | Place    | Note
-------+----------+-------------------------------------------
     0 | D:1      | Esekla the Demonspawn Wanderer began the quest for the Orb.
     0 | D:1      | Esekla set off with the following items: a +0 dagger, a
                  | potion of curing, a +0 robe, a ration; and the following
                  | spells available to memorise: Blink, Shroud of Golubria,
                  | Ensorcelled Hibernation, Throw Frost, Gell's Gravitas,
                  | Lesser Beckoning, Teleport Other, Passage of Golubria
     0 | D:1      | Reached XP level 1. HP: 15/15 MP: 5/5
   365 | D:2      | Gained mutation: You have sharp toenails. [demonic
                  | ancestry]
   365 | D:2      | Reached XP level 2. HP: 15/21 MP: 7/7
   465 | D:2      | Noticed Terence
   503 | D:2      | Learned a level 2 spell: Blink
   506 | D:2      | Learned a level 2 spell: Shroud of Golubria
   795 | D:2      | Found a glowing silver altar of Zin.
  1443 | D:2      | Gained mutation: When seriously injured, your bleeding
                  | wounds create armour. (AC +6) [demonic ancestry]
  1443 | D:2      | Reached XP level 3. HP: 12/26 MP: 7/9
  1843 | D:3      | Found a sacrificial altar of Ru.
  1844 | D:3      | Found a shattered altar of Ashenzari.
  1844 | D:3      | Found an iron altar of Okawaru.
  1972 | D:3      | Reached skill level 1 in Short Blades
  1988 | D:3      | Found a blossoming altar of Fedhas.
  2134 | D:3      | Found a hide-covered altar of Uskayaw.
  3172 | D:2      | Reached XP level 4. HP: 32/32 MP: 10/10
  3486 | D:4      | Got a steaming mace
  3519 | D:4      | Identified the +6 mace of Icufiv {speed, *Noise rN+ Dex+4}
                  | (You found it on level 4 of the Dungeon)
  3525 | D:4      | Noticed an ogre
  4119 | D:2      | You fall into a shaft and drop 2 floors!
  4124 | D:4      | Killed an ogre
  4124 | D:4      | Reached skill level 1 in Dodging
  4124 | D:4      | Reached skill level 1 in Stealth
  4124 | D:4      | Reached skill level 1 in Charms
  4124 | D:4      | Gained mutation: You are partially covered in sharp spines.
                  | [demonic ancestry]
  4124 | D:4      | Reached XP level 5. HP: 37/37 MP: 12/12
  4290 | D:4      | Found a transporter.
  4293 | D:4      | Noticed Raspi's ghost (amateur GrAr)
  4368 | D:4      | Gained mutation: You have razor-sharp toenails. [demonic
                  | ancestry]
  4368 | D:4      | Reached XP level 6. HP: 29/43 MP: 13/13
  4856 | D:1      | Killed Terence
  5064 | D:4      | Reached skill level 5 in Spellcasting
  5078 | D:4      | Found Faigonim's Distillery.
  5142 | D:4      | Gained mutation: Your muscles are strong. (Str +2) [potion
                  | of mutation]
  5142 | D:4      | Gained mutation: Scrolls take you a little longer to read.
                  | [potion of mutation]
  5142 | D:4      | Gained mutation: Your system is resistant to poisons.
                  | (rPois) [potion of mutation]
  5151 | D:4      | Bought a potion of mutation for 88 gold pieces
  5151 | D:4      | Lost mutation: Your system is resistant to poisons. (rPois)
                  | [potion of mutation]
  5151 | D:4      | Lost mutation: Your muscles are strong. (Str +2) [potion of
                  | mutation]
  5151 | D:4      | Lost mutation: Scrolls take you a little longer to read.
                  | [potion of mutation]
  5151 | D:4      | Gained mutation: You are frail. (-10% HP) [potion of
                  | mutation]
  5151 | D:4      | Gained mutation: Your flesh is heat resistant. (rF+)
                  | [potion of mutation]
  5151 | D:4      | Gained mutation: Your spells are a little harder to cast,
                  | but a little more powerful. [potion of mutation]
  5363 | D:4      | Mangled by an ogre

Levels and vault maps discovered:
D:1:      dpeg_arrival_tiny_h, layout_rooms
D:2:      layout_loops_ring, zin_statuary, minmay_misc_feat_five,
          chequers_big_river, uniq_terence
D:3:      layout_basic, chequers_temple_overflow_statue_of_worship,
          marbit_many_paths, first_ration, serial_bayou_pond_c,
          kennysheep_pointless_box, minmay_statues_item, fedhas_ov_isle_minmay
D:4:      layout_loops_ring, gammafunk_ghost_stat_death, serial_shops,
          kennysheep_mini_moat

Skill      XL: |  1  2  3  4  5  6 |
---------------+-------------------+-----
Short Blades   | 1 |  1.8
Dodging        | 1 |  1.4
Stealth        | 1 |  1.5
Charms         | 1 2 |  2.3
Translocations | 2 3 |  3.0
Spellcasting   | 5 |  5.0
Fighting       | |  1.6
Long Blades    | |  1.7
Throwing       | |  1.0
Armour         | |  0.7
Evocations     | |  1.0

Action                   |  1- 3 |  4- 6 || total
-------------------------+-------+-------++-------
Melee: Dagger            |   201 |    69 ||   270
       Kick              |    54 |    30 ||    84
       Mace              |       |     7 ||     7
 Cast: Shroud of Golubri |    14 |    12 ||    26
       Blink             |     2 |     1 ||     3
  Use: Potion            |     1 |     2 ||     3
       Scroll            |       |     2 ||     2
 Stab: Sleeping          |     2 |       ||     2
  Eat: Chunk             |     5 |       ||     5
       Ration            |     1 |     2 ||     3
Armor: Robe              |    38 |       ||    38
       Leather armour    |       |     5 ||     5
Dodge: Dodged            |    76 |    28 ||   104
